Map: Traitor's Exile

Players

Subwaymaker - Winner!

  • Race: Protoss Protoss
  • League: Gold
  • Spawn Location: 6:00

Mesrob - Winner!

  • Race: Terran Terran
  • League: Platinum
  • Spawn Location: 5:00

Raymantix

  • Race: Protoss Protoss
  • League: Diamond
  • Spawn Location: 12:00

TERRANCITY

  • Race: Terran Terran
  • Spawn Location: 9:00

VOD

Have the link to the VOD?

Description

Time

  • Played on: July 21, 2019, 2:01 p.m.
  • Length: 18:31
Show
View Real Time Build Order
Export as new Build Order

Subwaymaker Protoss - Winner!

Build Orders: Oracle Opening, Archon Immortal 

Get SALT Encoding   

  12  0:01  Probe  
  13  0:13  Probe  
  14  0:19  Pylon  
  14  0:25  Probe  
  15  0:37  Probe  
  16  0:43  Gateway  
  16  0:48  Probe  
  16  0:56  Probe  
  17  1:00  Assimilator  
  18  1:05  Probe  
  18  1:09  Pylon  
  19  1:17  Probe  
  20  1:21  Assimilator  
  20  1:34  Cybernetics Core  
  20  1:39  Probe  
  21  1:47  Probe  
  21  1:53  Pylon  
  22  1:57  Probe  
  23  2:25  Stargate  
  23  2:30  Nexus  
  23  2:38  Probe  
  23  2:43  Zealot  
  26  2:45  Warp Gate  
  26  3:07  Stargate  
  26  3:14  Probe  
  26  3:15  Oracle  
  30  3:22  Probe  
  31  3:29  Gateway  
  31  3:31  Probe, Gateway  
  31  3:38  Twilight Council  
  32  3:43  Probe  
  32  3:45  Pylon  
  32  3:48  Probe  
  33  3:52  Probe  
  34  3:56  Probe  
  34  4:00  Probe  
  36  4:05  Probe  
  38  4:10  Probe  
  36  4:23  Probe  
  36  4:24  Probe  
  38  4:26  Assimilator  
  38  4:33  Assimilator  
  38  4:36  Stalker x3, Probe x2  
  28  5:01  Probe x2  
  28  5:06  Blink  
  28  5:10  Probe  
  28  5:11  Probe  
  30  5:18  Probe  
  30  5:19  Probe  
  30  5:28  Probe x2  
  32  5:33  Stalker x3  
  40  5:40  Probe x2  
  42  5:48  Probe  
  42  5:49  Probe  
  42  5:50  Templar Archives  
  42  5:52  Pylon  
  42  5:53  Robotics Facility  
  42  5:56  Probe  
  44  5:57  Probe  
  44  5:58  Robotics Facility  
  46  6:11  Stalker x3  
  50  6:16  Probe x2  
  54  6:24  Probe  
  54  6:28  Probe  
  54  6:32  Probe  
  56  6:35  High Templar  
  56  6:38  Stalker  
  62  6:47  Probe  
  62  7:07  Charge  
  62  7:10  Nexus  
  62  7:12  Pylon  
  62  7:16  Assimilator  
  62  7:20  Assimilator  
  62  7:24  Pylon  
  62  7:28  Probe  
  62  7:31  Immortal  
  62  7:36  Probe  
  67  7:40  High Templar  
  67  7:42  Immortal  
  67  7:43  High Templar x2  
  78  7:51  Pylon  
  78  7:56  Gateway  
  78  7:58  Gateway  
  78  8:01  Gateway  
  78  8:09  Probe  
  78  8:10  Probe  
  79  8:18  Probe  
  79  8:19  High Templar x3  
  86  8:21  Probe  
  86  8:26  Probe  
  88  8:27  Probe  
  88  8:30  Pylon  
  90  8:34  Archon x2, Probe  
  90  8:35  Archon  
  90  8:39  Immortal  
  90  8:40  Probe  
  96  8:42  Immortal  
  96  8:44  Probe  
  101  8:52  Probe  
  102  8:56  Probe  
  102  9:01  Forge  
  103  9:04  Forge  
  103  9:08  Probe  
  90  9:17  High Templar x3  
  92  9:20  Zealot x3  
  92  9:23  Immortal  
  106  9:43  Archon  
  106  10:00  Protoss Ground Weapons Level 1  
  106  10:01  Protoss Shields Level 1  
  106  10:10  Zealot  
  108  10:23  Archon  
  108  10:27  Pylon  
  108  10:30  Pylon  
  108  10:40  Pylon  
  108  10:44  Pylon  
  108  10:45  Immortal x2  
  116  10:50  High Templar x3  
  116  10:51  High Templar  
  124  10:59  Archon x2  
  124  11:06  Pylon  
  124  11:09  Pylon, Gateway  
  124  11:11  Gateway  
  124  11:12  Gateway  
  124  11:13  Zealot  
  124  11:14  Zealot  
  126  11:37  Zealot x6  
  138  11:42  Psionic Storm  
  138  11:53  Immortal x2  
  146  12:00  Protoss Shields Level 2  
  146  12:09  Protoss Ground Weapons Level 2  
  146  12:17  Probe x3  
  149  12:29  Probe x3  
  152  12:30  Nexus  
  152  12:31  Pylon  
  152  12:32  Immortal  
  152  12:34  Pylon  
  152  12:35  Stargate  
  152  12:36  Assimilator  
  156  12:37  Stargate  
  156  12:38  Gateway  
  156  12:40  Stargate, Gateway  
  156  12:41  Assimilator, Probe  
  156  12:43  Gateway  
  157  12:49  Immortal, Probe x2  
  163  12:53  Probe, Zealot x3  
  163  12:54  Zealot  
  172  13:04  Photon Cannon  
  172  13:05  Shield Battery  
  172  13:09  Shield Battery  
  172  13:25  Pylon  
  172  13:26  Pylon  
  168  13:39  Shield Battery  
  154  13:42  Photon Cannon  
  152  13:59  High Templar x3  
  152  14:00  High Templar x8  
  152  14:02  Zealot  
  176  14:10  Archon x3  
  176  14:11  Archon  
  176  14:12  Archon  
  176  14:20  Void Ray x2  
  184  14:33  Zealot x8  
  164  15:05  Void Ray, High Templar  
  164  15:06  High Templar x4  
  164  15:07  High Templar  
  176  15:09  Protoss Ground Weapons Level 3  
  176  15:12  Protoss Shields Level 3  
  176  15:13  Void Ray  
  176  15:14  Void Ray  
  176  15:18  Archon x3  
  188  15:48  Void Ray  
  192  15:53  Zealot  
  192  15:54  Zealot x3  
  200  16:24  Nexus  
  200  16:26  Pylon  
  200  16:30  Pylon  
  200  16:31  Pylon  
  200  16:33  Assimilator  
  200  16:37  Assimilator  
  186  17:32  Zealot  
  186  17:33  Zealot x4  
  186  17:34  High Templar  
Show
View Real Time Build Order
Export as new Build Order

Mesrob Terran - Winner!

Build Orders: 2 Factory 

Get SALT Encoding   

  12  0:00  SCV  
  13  0:12  SCV  
  14  0:18  Supply Depot  
  14  0:24  SCV  
  15  0:39  SCV  
  15  0:41  Barracks  
  16  0:46  Refinery  
  16  0:54  SCV  
  17  1:06  SCV  
  18  1:18  SCV  
  19  1:30  Orbital Command  
  19  1:42  Command Center  
  19  1:53  Barracks Tech Lab  
  19  2:02  Factory  
  19  2:15  Supply Depot  
  19  2:17  Refinery  
  19  2:29  SCV  
  20  2:31  Barracks Reactor  
  20  2:41  SCV  
  21  2:51  Factory  
  21  2:58  SCV  
  21  3:00  Orbital Command  
  21  3:05  Engineering Bay  
  22  3:10  SCV  
  22  3:12  Cyclone  
  26  3:21  Supply Depot  
  26  3:22  SCV  
  27  3:41  Factory  
  27  3:42  Barracks Reactor  
  27  3:45  Supply Depot  
  27  3:50  Hellion x2  
  27  3:54  SCV  
  32  3:57  SCV  
  33  4:06  SCV  
  33  4:07  Refinery  
  35  4:10  SCV  
  35  4:18  SCV  
  35  4:22  SCV  
  37  4:37  Cyclone  
  40  4:39  Hellion x2  
  44  4:58  Hellion x2  
  48  5:34  Cyclone  
  48  5:35  Hellion x3  
  57  5:37  Hellion, Command Center  
  59  5:44  SCV  
  59  5:45  SCV  
  59  5:47  Supply Depot  
  61  5:50  Refinery  
  61  5:55  Supply Depot  
  61  5:56  SCV  
  62  6:02  Hellion  
  66  6:04  Hellion  
  66  6:06  Hellion  
  68  6:22  Cyclone  
  68  6:23  Hellion  
  68  6:24  SCV x2  
  75  6:36  SCV x2  
  77  6:41  Hellion x3  
  83  6:48  SCV  
  83  6:54  Cyclone  
  56  7:28  Cyclone  
  55  7:30  Hellion x4  
  61  7:45  Orbital Command  
  59  8:00  Refinery  
  59  8:01  Cyclone  
  62  8:06  Hellion  
  62  8:07  Hellion x3  
  62  8:11  Missile Turret  
  70  8:26  Refinery  
  70  8:29  Barracks Tech Lab  
  70  8:33  Cyclone  
  73  8:38  Starport  
  73  8:39  Starport  
  73  8:42  Missile Turret  
  73  8:52  Factory  
  73  8:58  SCV  
  73  9:00  SCV x2  
  76  9:05  Missile Turret  
  76  9:10  SCV  
  76  9:12  SCV x2  
  76  9:16  Starport  
  79  9:22  SCV  
  80  9:24  SCV  
  81  9:31  Cyclone  
  81  9:33  Hellion x4  
  81  9:37  Cyclone  
  95  9:47  Command Center  
  93  9:57  Hellion x4  
  101  10:00  Starport Tech Lab x3  
  101  10:03  Fusion Core  
  101  10:12  Supply Depot  
  101  10:14  Supply Depot  
  101  10:16  Supply Depot  
  101  10:17  Supply Depot  
  101  10:22  Supply Depot  
  101  10:34  SCV x3  
  104  10:36  Supply Depot  
  104  10:43  Supply Depot  
  104  10:46  SCV x3  
  107  10:50  Armory  
  107  10:53  Armory  
  98  10:58  SCV x3  
  88  11:10  SCV x3  
  57  11:15  Hellion x2  
  50  11:20  Cyclone x2  
  50  11:22  Hellion x2, SCV x3  
  61  11:27  Battlecruiser  
  61  11:28  Battlecruiser  
  73  11:42  Battlecruiser  
  79  11:52  Refinery  
  79  11:58  Refinery  
  79  11:59  Planetary Fortress  
  79  12:07  SCV x3  
  82  12:15  Cyclone x2  
  88  12:16  Hellion  
  88  12:18  Hellion  
  88  12:19  SCV x3  
  88  12:20  Hellion  
  97  12:24  Terran Vehicle And Ship Armor Level 1  
  97  12:25  Refinery  
  97  12:26  Terran Ship Weapons Level 1  
  97  12:31  SCV  
  98  12:59  Battlecruiser x3  
  116  13:06  Cyclone  
  116  13:07  Cyclone  
  116  13:09  Hellion  
  116  13:12  Hellion  
  126  13:16  Weapon Refit  
  106  13:38  Command Center  
  106  13:39  Cyclone  
  105  14:31  SCV x2  
  107  14:43  Battlecruiser x2  
  107  14:44  Battlecruiser  
  125  14:46  Hellion x2  
  125  14:47  Hellion x2, Cyclone x2  
  139  15:09  Hellion x2  
  139  15:10  Hellion x2  
  147  15:34  Orbital Command  
  147  15:36  Refinery  
  147  15:59  Command Center  
  147  16:05  Command Center  
  147  16:13  Cyclone x2  
  147  16:15  Hellion x4  
  167  16:18  Battlecruiser  
  167  16:45  Cyclone  
  127  18:00  Hellion x5  
Show
View Real Time Build Order
Export as new Build Order

Raymantix Protoss 

Build Orders:  

Get SALT Encoding   

  1  0:00  Probe  
  13  0:15  Pylon  
  13  0:17  Probe  
  14  0:30  Probe  
  15  0:40  Gateway  
  15  0:43  Probe  
  15  0:48  Assimilator  
  16  0:55  Probe  
  17  1:06  Gateway  
  17  1:08  Probe  
  18  1:16  Probe  
  18  1:24  Probe  
  19  1:31  Cybernetics Core  
  20  1:38  Assimilator  
  20  1:41  Pylon  
  20  1:52  Probe  
  21  1:59  Warp Gate  
  21  2:04  Probe  
  22  2:16  Probe  
  23  2:28  Probe  
  24  2:40  Probe, Nexus  
  25  2:47  Forge  
  25  3:22  Photon Cannon  
  25  3:24  Pylon  
  25  3:25  Stalker x2  
  29  3:39  Probe  
  30  3:48  Photon Cannon  
  30  3:51  Probe  
  30  3:54  Robotics Facility  
  31  4:03  Probe x2  
  32  4:15  Probe x2  
  33  4:27  Probe x2  
  35  4:39  Probe x2  
  37  4:51  Probe x2  
  39  4:59  Stalker x2  
  43  5:03  Probe x2  
  45  5:10  Immortal  
  45  5:15  Probe  
  45  5:16  Probe  
  51  5:27  Probe  
  51  5:28  Probe  
  53  5:33  Twilight Council  
  53  5:39  Probe  
  53  5:41  Assimilator  
  54  5:45  Assimilator  
  54  5:58  Pylon  
  54  6:03  Blink  
  54  6:15  Pylon  
  54  6:16  Immortal, Probe x2  
  60  6:21  Stalker  
  62  6:26  Protoss Ground Weapons Level 1  
  62  6:33  Probe x2  
  62  6:39  Nexus  
  64  6:45  Probe x2  
  66  6:49  Gateway x2  
  66  6:53  Gateway  
  66  6:57  Stalker  
  66  7:40  Forge  
  66  7:44  Pylon  
  66  7:46  Stalker x2  
  70  7:58  Pylon  
  70  8:10  Assimilator, Zealot x4  
  70  8:11  Zealot  
  70  8:12  Probe x2  
  82  8:16  Assimilator  
  82  8:20  Protoss Ground Armor Level 1  
  82  8:24  Probe x2  
  84  8:27  Observer  
  84  8:31  Protoss Ground Weapons Level 2  
  84  8:36  Probe x2  
  84  8:38  Zealot x3  
  84  8:39  Zealot x2  
  97  8:48  Probe x2  
  99  9:00  Probe  
  99  9:01  Probe  
  91  9:12  Probe  
  91  9:13  Probe  
  81  9:18  Stalker  
  81  9:19  Stalker x4  
  90  9:25  Probe x2  
  91  9:37  Probe x2  
  92  9:38  Robotics Bay  
  91  9:49  Probe x2  
  92  9:59  Gateway x2  
  90  10:01  Probe x2, Gateway  
  90  10:07  Zealot x3  
  93  10:13  Probe x2  
  96  10:43  Probe x2  
  96  10:44  Probe  
  96  10:45  Zealot  
  101  10:50  Pylon  
  101  10:52  Pylon  
  101  10:59  Robotics Facility  
  101  11:01  Robotics Facility  
  101  11:04  Robotics Facility  
  101  11:06  Probe  
  98  11:32  Stalker x2  
  98  11:33  Stalker x3  
  106  11:40  Disruptor x3  
  106  11:46  Pylon  
  106  11:49  Pylon  
  115  12:05  Charge  
  115  12:10  Nexus  
  115  12:11  Pylon  
  115  12:12  Pylon, Zealot x3  
  115  12:13  Zealot x2  
  125  12:17  Protoss Ground Weapons Level 3  
  125  12:19  Protoss Ground Armor Level 2  
  125  12:26  Disruptor x2  
  125  12:29  Disruptor  
  134  12:32  Colossus  
  140  13:03  Colossus  
  146  13:21  Colossus x2  
  126  13:54  Stalker x3  
  127  13:55  Stalker  
  127  13:56  Stalker x3  
  135  14:07  Colossus  
  141  14:14  Colossus  
  147  14:20  Stalker x4  
  147  14:21  Stalker x3  
  148  15:17  Probe x4  
  152  15:25  Stargate  
  152  15:26  Stargate  
  152  15:29  Stargate, Probe x3  
  152  15:31  Stargate  
  152  15:32  Stargate  
  155  15:36  Photon Cannon  
  155  15:38  Photon Cannon  
  155  15:39  Photon Cannon  
  155  15:41  Photon Cannon  
  155  15:43  Photon Cannon  
  155  15:44  Shield Battery  
  155  15:47  Shield Battery  
  155  15:49  Shield Battery  
  155  16:13  Fleet Beacon  
  155  16:20  Probe x3  
  158  16:27  Pylon  
  158  16:31  Pylon  
  158  16:35  Probe x4  
  162  16:46  Photon Cannon  
  162  16:47  Probe  
  162  16:48  Photon Cannon  
  162  16:50  Photon Cannon  
  162  16:52  Photon Cannon  
  162  16:53  Photon Cannon  
  163  16:55  Photon Cannon  
  163  16:57  Photon Cannon  
  163  17:01  Tempest  
  163  17:04  Tempest  
  173  17:14  Tempest  
  178  17:36  Tempest  
Show
View Real Time Build Order
Export as new Build Order

TERRANCITY Terran 

Build Orders:  

Get SALT Encoding   

  12  0:02  SCV  
  14  0:14  SCV  
  14  0:21  Supply Depot  
  14  0:31  SCV  
  15  0:43  SCV  
  15  0:45  Refinery  
  16  0:50  Barracks  
  16  0:55  SCV  
  17  1:03  Supply Depot  
  17  1:14  SCV  
  18  1:23  Barracks  
  18  1:26  SCV  
  19  1:38  SCV  
  19  1:39  Barracks Reactor  
  20  1:50  SCV  
  20  1:51  Refinery  
  21  2:03  SCV  
  22  2:08  Supply Depot  
  22  2:11  Barracks Reactor  
  22  2:15  SCV  
  23  2:20  Engineering Bay  
  23  2:27  SCV  
  25  2:30  Reaper x2  
  26  2:39  SCV  
  27  2:51  Reaper x2  
  28  2:58  Missile Turret  
  29  3:06  Barracks  
  29  3:08  Reaper  
  30  3:18  Orbital Command  
  30  3:20  Missile Turret  
  30  3:23  Reaper x2  
  32  3:33  Missile Turret  
  32  3:36  Reaper  
  32  3:40  Reaper  
  34  3:55  Reaper  
  35  4:04  Factory  
  35  4:08  Reaper  
  36  4:17  Command Center  
  36  4:31  Marine  
  36  4:32  Marine x2  
  39  4:50  Marine  
  39  4:51  Marine  
  39  4:54  Marine  
  39  4:58  Marine  
  39  4:59  Marine  
  36  5:12  Factory Tech Lab  
  35  5:17  Factory  
  35  5:19  Marine x4  
  39  5:27  Supply Depot  
  39  5:28  Marine  
  40  5:37  Marine x4  
  44  5:46  Starport, Marine, SCV  
  46  5:54  Marine  
  46  5:55  Marine x2  
  46  5:56  Marine  
  50  5:58  SCV  
  50  6:00  Terran Infantry Weapons Level 1  
  51  6:06  Factory Tech Lab  
  51  6:11  SCV  
  52  6:13  Barracks Tech Lab  
  52  6:23  SCV  
  53  6:26  Siege Tank  
  53  6:29  Medivac  
  58  6:35  SCV  
  58  6:39  Missile Turret  
  59  6:43  SCV  
  60  6:47  SCV  
  61  6:55  Supply Depot  
  61  6:59  SCV  
  61  7:01  Missile Turret  
  50  7:11  SCV  
  49  7:28  Planetary Fortress  
  49  7:35  Starport Reactor  
  49  7:37  Siege Tank  
  49  7:38  Siege Tank  
  49  7:40  Marine  
  49  7:42  Marine x4  
  60  7:58  Marine  
  60  7:59  Refinery  
  61  8:06  Stimpack  
  61  8:10  SCV  
  62  8:13  Supply Depot  
  62  8:35  Marauder, Medivac, SCV  
  67  8:43  Terran Infantry Armor Level 1  
  67  8:47  SCV  
  68  8:54  Refinery  
  68  8:57  Marauder  
  68  9:00  Missile Turret  
  70  9:12  Supply Depot  
  70  9:22  Missile Turret  
  70  9:33  Marine x5, SCV  
  76  9:45  Combat Shield, SCV  
  77  9:51  Marine  
  78  9:54  Marine x2  
  78  9:57  SCV  
  81  10:07  Supply Depot  
  81  10:09  SCV  
  82  10:20  Marine x3  
  82  10:21  Marine  
  86  10:28  SCV  
  86  10:30  Supply Depot  
  86  10:34  Supply Depot  
  87  10:38  Marine x3  
  87  10:39  Marine  
  87  10:40  SCV  
  92  10:53  Supply Depot, SCV  
  92  10:56  Marine  
  94  10:57  Supply Depot  
  87  11:04  Concussive Shells  
  87  11:05  SCV  
  74  11:17  SCV  
  64  11:36  Cyclone  
  64  11:38  Siege Tank  
  70  11:45  Command Center  
  70  11:46  Marine  
  71  11:47  Marine x2, Marauder  
  71  11:48  Marine  
  76  12:04  Marine  
  77  12:09  Marauder, Cyclone  
  77  12:10  Siege Tank  
  85  12:25  Armory  
  85  12:30  Fusion Core  
  85  12:37  Starport  
  85  12:46  Supply Depot  
  85  12:58  Medivac x2  
  89  13:08  SCV  
  89  13:09  Supply Depot  
  90  13:13  Starport  
  90  13:15  Armory  
  90  13:20  SCV  
  90  13:24  Supply Depot  
  91  13:27  Thor  
  91  13:32  SCV  
  97  13:36  Supply Depot  
  88  13:44  SCV  
  88  13:47  Supply Depot  
  89  13:56  SCV  
  89  14:02  Starport  
  80  14:27  Thor  
  80  14:30  Thor  
  84  14:35  SCV  
  84  14:38  Terran Vehicle And Ship Armor Level 1  
  85  14:39  Starport  
  85  14:40  Terran Infantry Armor Level 2  
  85  14:47  SCV  
  85  15:03  Starport Tech Lab  
  85  15:06  Planetary Fortress  
  85  15:10  Thor  
  85  15:13  Thor  
  97  15:16  Starport  
  97  15:25  Refinery  
  97  15:26  Starport Reactor  
  97  15:27  Viking  
  99  15:52  Thor  
  99  15:55  Missile Turret, Thor  
  99  15:56  Starport Reactor  
  111  16:00  Viking  
  113  16:15  Missile Turret  
  113  16:21  Command Center  
  113  16:28  Marine x3  
  113  16:29  Marine  
  113  16:30  Viking  
  119  16:36  Missile Turret  
  119  16:37  Refinery  
  119  16:43  SCV  
  119  16:45  Viking  
  122  16:54  Marine x5  
  122  16:55  SCV  
  125  17:11  Marine  
  125  17:12  Marine x2  
Tags
 
Add a new tag
Caveats
  • Supply blocks, unpowered buildings, or Contaminate may cause inaccurate times.
  • Supply counts are checked every 10 seconds.